 Dungeon Crawl Stone Soup version 0.23-a0-642-g3120c2f (webtiles) character file.

175 zishaf the Chucker (level 5, -4/50 HPs)
             Began as a Troll Hunter on Dec 30, 2018.
             Slain by Sigmund
             ... wielding a cursed -2 scythe
              (11 damage)
             ... on level 3 of the Dungeon.
             The game lasted 00:03:16 (1735 turns).

zishaf the Chucker (Troll Hunter)                   Turns: 1735, Time: 00:03:17

Health: -4/50      AC:  5    Str: 25    XL:     5   Next: 29%
Magic:  4/4        EV: 10    Int:  7    God:
Gold:   158        SH:  4    Dex: 11    Spells: 4/4 levels left

rFire    + . .     SeeInvis .     - Unarmed
rCold    + . .     Gourm    +   (no shield)
rNeg     . . .     Faith    .   b - +0 robe
rPois    .         Spirit   .   (helmet restricted)
rElec    .         Reflect  +   l - scarf {rC+ rF+}
rCorr    .         Harm     .   (gloves unavailable)
MR       .....                  (boots unavailable)
Stlth    ..........             e - +4 amulet of reflection
HPRegen  0.56/turn              a - ring of attention (curse)
MPRegen  0.09/turn              (no ring)

@: mighty
A: large, unfitting armour, claws 3, fast metabolism 3, gourmand, regeneration
1, shaggy fur 1, tough skin 2
a: no special abilities


You were on level 3 of the Dungeon.
You were very full.

You visited 1 branch of the dungeon, and saw 3 of its levels.

You collected 158 gold pieces.

Inventory:

Missiles
 c - 5 large rocks (quivered)
 d - 2 throwing nets
Armour
 b - a +0 robe (worn)
 l - a scarf of resistance (worn)
Jewellery
 a - a cursed ring of attention (left claw)
 e - a +4 amulet of reflection (around neck)
Scrolls
 g - 2 scrolls of fog {unknown}
 h - a scroll of fear {unknown}
 j - 2 scrolls of magic mapping {unknown}
 k - a scroll of immolation {unknown}
 m - 4 scrolls of remove curse {unknown}
 o - 4 scrolls of identify {unknown}
 q - a scroll of amnesia {unknown}
 t - a scroll of teleportation {unknown}
Potions
 i - a potion of brilliance {unknown}
 n - a potion of resistance {unknown}
 p - a potion of heal wounds {unknown}
 s - 2 potions of invisibility {unknown}
 u - 2 potions of curing {unknown}
 v - a potion of might
 w - a potion of flight {unknown}
Comestibles
 f - 4 rations
 r - 17 chunks of flesh


   Skills:
 + Level 2.5 Fighting
 - Level 4.0 Throwing
 + Level 2.5 Dodging
 - Level 0.3 Stealth
 * Level 3.1 Unarmed Combat


You had 4 spell levels left.
You didn't know any spells.
Your spell library was empty.

Dungeon Overview and Level Annotations

Branches:
Dungeon (3/15)

Altars:
Zin

Annotations:
D:3 Sigmund


Innate Abilities, Weirdness & Mutations

You are too large for most types of armour.
You have claws for hands.
Your metabolism is lightning-fast.
You like to eat raw meat.
Your natural rate of healing is unusually fast.
You are covered in fur. (AC +1)
You have very tough skin. (AC +2)


Message History

You miss something.
You hear some strange, mumbled words.
A puff of flame appears from out of thin air!
The puff of flame hits you! You resist.
* * * LOW HITPOINT WARNING * * *
Something hits you but does no damage.
You feel less confused.
You hear some strange, mumbled words.
Something tries to affect you, but you resist.
A puff of flame appears from out of thin air!
The puff of flame hits you! You resist.
* * * LOW HITPOINT WARNING * * *
It was a potion of might.
You feel very mighty all of a sudden.
You hear some strange, mumbled words.
A puff of flame appears from out of thin air!
The puff of flame hits you! You resist.
* * * LOW HITPOINT WARNING * * *
Something hits you!
You die...

#.# #.#############
##.# #.............#
(#.#
#############.#######
.#.#
#..............###
##.#.#
#.######..........
#.##>### #)#
#.###.#.### .......#
#.# #.# #รท#.#
..####(# #.# #.#
#.#.# ..#
#.#########@#
##.###.#.# ..#
#...........#
#......#.# .##
#.######.####
#..#####.# .#####.#
#.# #..#####.#
.......# #.#
#........# ..#.####
#.# #.######## .....#
#.# ###...# ...#.#
#.# ####.....# ...#
.. #.# #........#


There were no monsters in sight!

Vanquished Creatures
  A centaur zombie (D:3)
  Jessica (D:3)
  Robin (D:3)
  An adder (D:3)
  3 oozes
  4 worms (D:2)
  A dart slug (D:3)
  A leopard gecko (D:3)
  A ball python (D:1)
  3 bats
  2 giant cockroaches
  13 hobgoblins
  3 jackals
  6 kobolds
  5 frilled lizards
  13 goblins
  6 rats
65 creatures vanquished.

Notes
Turn   | Place    | Note
-------+----------+-------------------------------------------
     0 | D:1      | zishaf the Troll Hunter began the quest for the Orb.
     0 | D:1      | Reached XP level 1. HP: 19/19 MP: 0/0
   112 | D:1      | Reached XP level 2. HP: 28/28 MP: 1/1
   129 | D:1      | Reached skill level 1 in Unarmed Combat
   384 | D:1      | Reached XP level 3. HP: 34/35 MP: 2/2
  1025 | D:2      | Found a glowing silver altar of Zin.
  1219 | D:3      | Noticed Robin
  1238 | D:2      | Reached skill level 4 in Throwing
  1352 | D:3      | Reached XP level 4. HP: 41/42 MP: 3/3
  1359 | D:3      | Killed Robin
  1574 | D:3      | Reached XP level 5. HP: 34/50 MP: 4/4
  1693 | D:3      | Noticed Jessica
  1696 | D:3      | Killed Jessica
  1702 | D:3      | Noticed Sigmund
  1735 | D:3      | Slain by Sigmund

Vault maps used:
D:1:      lemuel_arrival_river_ford, minmay_tall_x
D:2:      zin_treasury, first_ration
D:3:      gammafunk_ghost_icy, uniq_robin, uniq_sigmund, uniq_jessica

Skill      XL: |  1  2  3  4  5 |
---------------+----------------+-----
Unarmed Combat | 1 2 3 |  3.1
Dodging        | 2 |  2.5
Fighting       | 2 |  2.5
Throwing       | 4 |  4.0
Stealth        | |  0.3

Action                   |  1- 3 |  4- 6 || total
-------------------------+-------+-------++-------
Melee: Unarmed           |   132 |    85 ||   217
       Punch             |     1 |     2 ||     3
  Use: Potion            |       |     1 ||     1
  Eat: Chunk             |    16 |     5 ||    21
Armor: Robe              |    37 |    36 ||    73
Dodge: Dodged            |    57 |    33 ||    90
Block: Other             |    11 |    17 ||    28
       Reflection        |     1 |       ||     1

Table legend:
 A = Non-vault XP
 B = Vault XP
 C = Vault XP percentage of total XP
 D = Non-vault monster count
 E = Vault monster count
 F = Vault count percentage of total count
                 A         B        C        D         E       F
            +---------+---------+-------+---------+---------+-------
      Total |     172 |      78 |  31.2 |      49 |      16 |  24.6
            +---------+---------+-------+---------+---------+-------
        D:1 |      45 |       7 |  13.5 |      25 |       4 |  13.8
        D:2 |      33 |       4 |  10.8 |       8 |       2 |  20.0
        D:3 |      94 |      67 |  41.6 |      16 |      10 |  38.5
            +---------+---------+-------+---------+---------+-------
